TOP OF THE 1ST |
Atlanta Braves batting - Pitching for Pittsburgh Pirates : RHP Chad Mangum
|
Pitching: RHP Chad Mangum
|
|
Batting: RHB Jeckel Hester
|
0-0: Swinging Strike 0-1: Hit by Pitch
|
Batting: LHB Colin Worthington
|
0-0: Ball 1-0: Grounds into double play, 4-6-3 (Groundball, 4, EV 98.8 MPH)
|
Batting: RHB Butch Kaiser
|
0-0: Called Strike 0-1: Swinging Strike 0-2: Ball 1-2: Strikes out looking
|
Top of the 1st over - 0 runs, 0 hits, 0 errors, 0 left on base; Atlanta 0 - Pittsburgh 0 |
BOTTOM OF THE 1ST |
Pittsburgh Pirates batting - Pitching for Atlanta Braves : LHP Joe Testa
|
Pitching: LHP Joe Testa
|
|
Batting: SHB Marvin McAleer
|
0-0: Ball 1-0: SOLO HOME RUN (Flyball, 78XD, EV 110.0 MPH), Distance : 415 ft
|
Batting: RHB Eisse Bravenboer
|
0-0: Called Strike 0-1: Ground out U3 (Groundball, 34, EV 79.4 MPH)
|
Batting: RHB Vincent Poopwell
|
0-0: Ball 1-0: Ball 2-0: Ball 3-0: Called Strike 3-1: Base on Balls
|
Batting: RHB Steve Jordan
|
0-0: Called Strike 0-1: Ball 1-1: Ball 2-1: Ball 3-1: Swinging Strike 3-2: Foul Ball, location: 2F 3-2: Base on Balls Vincent Poopwell to second
|
Batting: LHB Theodore Conboy
|
0-0: Swinging Strike 0-1: Ball 1-1: Foul Ball, location: 2F 1-2: Foul Ball, location: 2F 1-2: Strikes out looking
|
Batting: RHB Tommie Eaton
|
0-0: Ball 1-0: Fielders Choice at 2nd, 6-4 (Groundball, 6, EV 86.3 MPH)
|
Bottom of the 1st over - 1 run, 1 hit, 0 errors, 2 left on base; Atlanta 0 - Pittsburgh 1 |
TOP OF THE 2ND |
Atlanta Braves batting - Pitching for Pittsburgh Pirates : RHP Chad Mangum
|
Batting: LHB Seth Cook
|
0-0: Ball 1-0: Called Strike 1-1: Ball 2-1: Swinging Strike 2-2: Ball 3-2: Fly out, F2 (Popup, 15S, EV 81.9 MPH)
|
Batting: RHB Kanehisa Kubo
|
0-0: Ball 1-0: Ball 2-0: Ball 3-0: Foul Ball, location: 2F 3-1: Foul Ball, location: 2F 3-2: Strikes out swinging
|
Batting: LHB Tom Best
|
0-0: Ball 1-0: Ball 2-0: Foul Ball, location: 2F 2-1: Swinging Strike 2-2: Strikes out swinging
|
Top of the 2nd over - 0 runs, 0 hits, 0 errors, 0 left on base; Atlanta 0 - Pittsburgh 1 |
BOTTOM OF THE 2ND |
Pittsburgh Pirates batting - Pitching for Atlanta Braves : LHP Joe Testa
|
Batting: RHB Mike Thornton
|
0-0: Ball 1-0: DOUBLE (Flyball, 78XD, EV 108.8 MPH)
|
Batting: RHB Kirk Seiffert
|
0-0: Ball 1-0: Ball 2-0: Ball 3-0: SINGLE (Groundball, 4MD, EV 102.5 MPH) Mike Thornton to third Runner from 3rd tries for Home, SAFE, throw by CF to home
|
Batting: RHB Pedro Nin
|
0-0: Swinging Strike 0-1: Ball 1-1: Called Strike 1-2: Ball 2-2: Strikes out looking
|
Batting: SHB Marvin McAleer
|
0-0: Ball 1-0: Called Strike Kirk Seiffert steals 2nd base (no throw) 1-1: Ground out 5-3 (Groundball, 56, EV 88.1 MPH)
|
Batting: RHB Eisse Bravenboer
|
0-0: Ball 1-0: Called Strike 1-1: DOUBLE (Line Drive, 89M, EV 88.8 MPH) Kirk Seiffert scores
|
Batting: RHB Vincent Poopwell
|
0-0: Ball 1-0: Ball 2-0: Foul Ball, location: 2F 2-1: SINGLE (Line Drive, 34D, EV 103.1 MPH) Eisse Bravenboer to third Runner from 3rd tries for Home, SAFE, throw by RF to home Vincent Poopwell to second
|
Batting: RHB Steve Jordan
|
0-0: Fly out, F9 (Flyball, 9, EV 87.5 MPH)
|
Bottom of the 2nd over - 3 runs, 4 hits, 0 errors, 1 left on base; Atlanta 0 - Pittsburgh 4 |
TOP OF THE 3RD |
Atlanta Braves batting - Pitching for Pittsburgh Pirates : RHP Chad Mangum
|
Batting: RHB Liangde Li
|
0-0: Ball 1-0: Ball 2-0: Ball 3-0: Base on Balls
|
Batting: LHB Zack Berney
|
0-0: Ball 1-0: Foul Ball, location: 2F 1-1: Fielders Choice at 2nd, 4-6 (Groundball, 4, EV 77.5 MPH)
|
Batting: RHB Itsuo Egami
|
0-0: Called Strike Zack Berney steals 2nd base (no throw) 0-1: Ball 1-1: Foul Ball, location: 2F 1-2: Ball 2-2: Foul Ball, location: 2F 2-2: Foul Ball, location: 2F 2-2: Ball 3-2: Foul Ball, location: 2F 3-2: 2-RUN HOME RUN (Flyball, 7D, EV 93.8 MPH), Distance : 372 ft
|
Batting: RHB Jeckel Hester
|
0-0: Swinging Strike 0-1: Ball 1-1: Foul Ball, location: 2F 1-2: Ball 2-2: DOUBLE (Flyball, 8RXD, EV 100.6 MPH)
|
Batting: LHB Colin Worthington
|
0-0: Foul Ball, location: 2F 0-1: Called Strike 0-2: Ball 1-2: Single, Error in OF, E7, batter to second base (Line Drive, 7S, EV 95.6 MPH) Jeckel Hester scores
|
Batting: RHB Butch Kaiser
|
0-0: Called Strike 0-1: Fly out, F8 (Flyball, 8LM, EV 73.1 MPH)
|
Batting: LHB Seth Cook
|
0-0: Ground out U3 (Groundball, 34S, EV 85.6 MPH)
|
Top of the 3rd over - 3 runs, 3 hits, 1 error, 1 left on base; Atlanta 3 - Pittsburgh 4 |
BOTTOM OF THE 3RD |
Pittsburgh Pirates batting - Pitching for Atlanta Braves : LHP Joe Testa
|
Batting: LHB Theodore Conboy
|
0-0: Ball 1-0: SINGLE (Groundball, 6MD, EV 103.1 MPH)
|
Batting: RHB Tommie Eaton
|
0-0: Grounds into double play, 5-4-3 (Groundball, 56S, EV 86.3 MPH)
|
Batting: RHB Mike Thornton
|
0-0: Ball 1-0: Foul Ball, location: 2F 1-1: DOUBLE (Line Drive, 89D, EV 105.0 MPH)
|
Batting: RHB Kirk Seiffert
|
0-0: Ball 1-0: Fly out, F9 (Flyball, 9LM, EV 83.1 MPH)
|
Bottom of the 3rd over - 0 runs, 2 hits, 0 errors, 1 left on base; Atlanta 3 - Pittsburgh 4 |
TOP OF THE 4TH |
Atlanta Braves batting - Pitching for Pittsburgh Pirates : RHP Chad Mangum
|
Batting: RHB Kanehisa Kubo
|
0-0: Ball 1-0: Fly out, F9 (Flyball, 89S, EV 95.0 MPH)
|
Batting: LHB Tom Best
|
0-0: Ball 1-0: Called Strike 1-1: Called Strike 1-2: SINGLE (Groundball, 4D, EV 104.4 MPH)
|
Batting: RHB Liangde Li
|
0-0: Ball 1-0: Ball 2-0: Called Strike 2-1: Fly out, F8 (Flyball, 8RD, EV 98.1 MPH)
|
Batting: LHB Zack Berney
|
0-0: Ball Tom Best steals 2nd base 1-0: Ball 2-0: Ball 3-0: Called Strike 3-1: Base on Balls
|
Batting: RHB Itsuo Egami
|
0-0: Called Strike 0-1: Ball 1-1: Swinging Strike 1-2: Foul Ball, location: 2F 1-2: Ball 2-2: Ball 3-2: SINGLE (Flyball, 8LS, EV 93.8 MPH) Tom Best to third Zack Berney to second Tom Best scores Zack Berney to third
|
Batting: RHB Jeckel Hester
|
0-0: Ball 1-0: Fielders Choice at 2nd, 6-4 (Groundball, 6, EV 106.3 MPH)
|
Top of the 4th over - 1 run, 2 hits, 0 errors, 2 left on base; Atlanta 4 - Pittsburgh 4 |
BOTTOM OF THE 4TH |
Pittsburgh Pirates batting - Pitching for Atlanta Braves : LHP Joe Testa
|
Batting: RHB Pedro Nin
|
0-0: Called Strike 0-1: Swinging Strike 0-2: Ball 1-2: Foul Ball, location: 2F 1-2: Strikes out swinging
|
Batting: SHB Marvin McAleer
|
0-0: Ground out 6-3 (Groundball, 6, EV 80.0 MPH)
|
Batting: RHB Eisse Bravenboer
|
0-0: SOLO HOME RUN (Flyball, 7D, EV 96.3 MPH), Distance : 376 ft
|
Pitching: RHP Larry Stegall
|
|
Batting: RHB Vincent Poopwell
|
0-0: Called Strike 0-1: Foul Ball, location: 2F 0-2: Foul Ball, location: 2F 0-2: Strikes out looking
|
Bottom of the 4th over - 1 run, 1 hit, 0 errors, 0 left on base; Atlanta 4 - Pittsburgh 5 |
TOP OF THE 5TH |
Atlanta Braves batting - Pitching for Pittsburgh Pirates : RHP Chad Mangum
|
Batting: LHB Colin Worthington
|
0-0: Called Strike 0-1: Swinging Strike 0-2: Ball 1-2: Fly out, F4 (Flyball, 34D, EV 88.8 MPH)
|
Batting: RHB Butch Kaiser
|
0-0: Fly out, F8 (Flyball, 8RD, EV 94.4 MPH)
|
Batting: LHB Seth Cook
|
0-0: Ground out 4-3 (Groundball, 4, EV 101.9 MPH)
|
Top of the 5th over - 0 runs, 0 hits, 0 errors, 0 left on base; Atlanta 4 - Pittsburgh 5 |
BOTTOM OF THE 5TH |
Pittsburgh Pirates batting - Pitching for Atlanta Braves : RHP Larry Stegall
|
Batting: RHB Steve Jordan
|
0-0: Called Strike 0-1: Called Strike 0-2: Strikes out swinging
|
Batting: LHB Theodore Conboy
|
0-0: Ground out 6-3 (Groundball, 6D, EV 84.4 MPH)
|
Batting: RHB Tommie Eaton
|
0-0: Called Strike 0-1: Called Strike 0-2: Strikes out swinging
|
Bottom of the 5th over - 0 runs, 0 hits, 0 errors, 0 left on base; Atlanta 4 - Pittsburgh 5 |
TOP OF THE 6TH |
Atlanta Braves batting - Pitching for Pittsburgh Pirates : RHP Chad Mangum
|
Batting: RHB Kanehisa Kubo
|
0-0: SINGLE (Groundball, 56D, EV 96.3 MPH)
|
Batting: LHB Tom Best
|
0-0: Ball 1-0: Swinging Strike 1-1: Fly out, F9 (Flyball, 89D, EV 100.6 MPH)
|
Batting: RHB Liangde Li
|
0-0: Ball 1-0: Swinging Strike 1-1: Ball 2-1: Fly out, F8 (Line Drive, 8LD, EV 96.9 MPH)
|
Batting: LHB Zack Berney
|
0-0: Fly out, F5 (Flyball, 5D, EV 84.4 MPH)
|
Top of the 6th over - 0 runs, 1 hit, 0 errors, 1 left on base; Atlanta 4 - Pittsburgh 5 |
BOTTOM OF THE 6TH |
Pittsburgh Pirates batting - Pitching for Atlanta Braves : RHP Larry Stegall
|
Batting: RHB Mike Thornton
|
0-0: Ball 1-0: Ball 2-0: Called Strike 2-1: DOUBLE (Line Drive, 78XD, EV 103.1 MPH)
|
Batting: RHB Kirk Seiffert
|
0-0: Ball 1-0: Foul Ball, location: 2F 1-1: Ball 2-1: Ball 3-1: Fly out, F8 (Flyball, 8LXD, EV 95.0 MPH) Runner from 2nd tags up, SAFE at 3rd, no throw by CF
|
Batting: RHB Pedro Nin
|
0-0: Ball 1-0: Foul Ball, location: 2F 1-1: Ball 2-1: Foul Ball, location: 2F 2-2: Ball 3-2: Base on Balls
|
Batting: SHB Marvin McAleer
|
0-0: Ball 1-0: Ball 2-0: Foul Ball, location: 2F 2-1: Foul Ball, location: 2F 2-2: Foul Ball, location: 2F 2-2: Ball 3-2: Fly out, F7 (Flyball, 78S, EV 81.9 MPH)
|
Batting: RHB Eisse Bravenboer
|
0-0: Ball 1-0: Called Strike 1-1: Fielders Choice at 2nd, 5-4 (Groundball, 5, EV 103.1 MPH)
|
Bottom of the 6th over - 0 runs, 1 hit, 0 errors, 2 left on base; Atlanta 4 - Pittsburgh 5 |
TOP OF THE 7TH |
Atlanta Braves batting - Pitching for Pittsburgh Pirates : RHP Chad Mangum
|
Batting: RHB Itsuo Egami
|
0-0: Called Strike 0-1: Ball 1-1: Ball 2-1: Foul Ball, location: 2F 2-2: Ball 3-2: Base on Balls
|
Batting: RHB Jeckel Hester
|
0-0: Ball 1-0: Called Strike Itsuo Egami steals 2nd base (no throw) 1-1: Called Strike 1-2: Ball 2-2: Strikes out swinging
|
Pitching: LHP Riichi Yamashita
|
|
Pinch Hitting: RHB Reilly Hawkins
|
0-0: Ball 1-0: Fly out, F2 (Popup, 25F, EV 96.3 MPH)
|
Batting: RHB Butch Kaiser
|
0-0: Called Strike 0-1: Ball 1-1: Swinging Strike 1-2: Ball 2-2: Ball 3-2: Foul Ball, location: 2F 3-2: Foul Ball, location: 2F 3-2: Strikes out swinging
|
Top of the 7th over - 0 runs, 0 hits, 0 errors, 1 left on base; Atlanta 4 - Pittsburgh 5 |
BOTTOM OF THE 7TH |
Pittsburgh Pirates batting - Pitching for Atlanta Braves : RHP Larry Stegall
|
Pitching: RHP Adam Bonawitz
|
|
Now in LF: Reilly Hawkins
|
|
Batting: RHB Vincent Poopwell
|
0-0: Ball 1-0: Ball 2-0: Called Strike 2-1: Foul Ball, location: 2F 2-2: Ball 3-2: Base on Balls
|
Batting: RHB Steve Jordan
|
0-0: Foul Ball, location: 2F 0-1: Ball 1-1: Ball 2-1: Swinging Strike 2-2: Foul Ball, location: 2F 2-2: Foul Ball, location: 2F 2-2: Fly out, F9 (Flyball, 89M, EV 95.0 MPH)
|
Batting: LHB Theodore Conboy
|
0-0: Ball 1-0: Ball 2-0: Called Strike Vincent Poopwell steals 2nd base 2-1: Foul Ball, location: 2F 2-2: Strikes out swinging
|
Batting: RHB Tommie Eaton
|
0-0: Called Strike 0-1: Ball 1-1: Foul Ball, location: 2F 1-2: Ball Wild Pitch! Vincent Poopwell to third 2-2: Strikes out swinging
|
Bottom of the 7th over - 0 runs, 0 hits, 0 errors, 1 left on base; Atlanta 4 - Pittsburgh 5 |
TOP OF THE 8TH |
Atlanta Braves batting - Pitching for Pittsburgh Pirates : LHP Riichi Yamashita
|
Batting: LHB Seth Cook
|
0-0: Foul Ball, location: 2F 0-1: Called Strike 0-2: Ball 1-2: Ball 2-2: Strikes out swinging
|
Batting: RHB Kanehisa Kubo
|
0-0: Foul Ball, location: 2F 0-1: SINGLE (Line Drive, 9S, EV 102.5 MPH)
|
Pinch Hitting: RHB John Creel
|
0-0: Ball 1-0: Foul Ball, location: 2F 1-1: Grounds into double play, 4-6-3 (Groundball, 4M, EV 91.9 MPH)
|
Top of the 8th over - 0 runs, 1 hit, 0 errors, 0 left on base; Atlanta 4 - Pittsburgh 5 |
BOTTOM OF THE 8TH |
Pittsburgh Pirates batting - Pitching for Atlanta Braves : RHP Adam Bonawitz
|
Pitching: RHP Charles Hewson
|
|
Now in RF: Jake Lang
|
|
Batting: RHB Mike Thornton
|
0-0: Called Strike 0-1: Ball 1-1: Ball 2-1: Ground out 4-3 (Groundball, 4D, EV 104.4 MPH)
|
Batting: RHB Kirk Seiffert
|
0-0: Fly out, F9 (Flyball, 9S, EV 70.6 MPH)
|
Batting: RHB Pedro Nin
|
0-0: Foul Ball, location: 2F 0-1: Swinging Strike 0-2: Ball 1-2: Ball 2-2: Ball 3-2: Foul Ball, location: 2F 3-2: Base on Balls
|
Batting: SHB Marvin McAleer
|
0-0: Called Strike 0-1: Ball Pedro Nin is caught stealing 2nd base 2-6
|
Bottom of the 8th over - 0 runs, 0 hits, 0 errors, 0 left on base; Atlanta 4 - Pittsburgh 5 |
TOP OF THE 9TH |
Atlanta Braves batting - Pitching for Pittsburgh Pirates : LHP Riichi Yamashita
|
Pitching: RHP Steve Grier
|
|
Batting: RHB Liangde Li
|
0-0: Ball 1-0: Called Strike 1-1: Ball 2-1: Swinging Strike 2-2: Strikes out swinging
|
Batting: LHB Zack Berney
|
0-0: Called Strike 0-1: Ball 1-1: Foul Ball, location: 2F 1-2: Strikes out swinging
|
Batting: RHB Itsuo Egami
|
0-0: Ball 1-0: Called Strike 1-1: Ball 2-1: Foul Ball, location: 2F 2-2: Strikes out swinging
|
Top of the 9th over - 0 runs, 0 hits, 0 errors, 0 left on base; Atlanta 4 - Pittsburgh 5 |
|